 Dungeon Crawl Stone Soup version 0.18-a0-1426-g3b9a63c (webtiles) character file.

79 GrosslyIncandescent the Insei (level 4, -2/35 HPs)
             Began as a Mummy Monk on Feb 27, 2016.
             Shot with an arrow by a centaur (15 damage)
             ... on level 3 of the Dungeon.
             The game lasted 00:06:58 (4243 turns).

GrosslyIncandescent the Insei (Mummy Monk)          Turns: 4243, Time: 00:06:58

Health: -2/35      AC:  0    Str: 14    XL:     4   Next: 16%
Magic:  4/4        EV: 13    Int:  9    God:
Gold:   128        SH:  0    Dex: 15    Spells: 0 memorised, 3 levels left

rFire  x . .     SeeInvis .       - Unarmed
rCold  + . .     Gourm    .     (no armour)
rNeg   + + +     Faith    .     (no shield)
rPois  ∞         Spirit   .     (no helmet)
rElec  .         Dismiss  .     (no cloak)
rCorr  .         Reflect  .     (no gloves)
SustAt .         Harm     .     (no boots)
MR     .....                    (no amulet)
Stlth  ++........               (no ring)
                                (no ring)

@: not resistant to hostile enchantments, unstealthy
A: no food or potions, fire vulnerability, cold resistance 1, negative energy
resistance 3, torment resistance, unbreathing
a: no special abilities


You were on level 3 of the Dungeon.
You were not hungry.

You visited 1 branch of the dungeon, and saw 3 of its levels.

You collected 128 gold pieces.


Innate Abilities, Weirdness & Mutations

You do not eat or drink.
Your flesh is vulnerable to fire.
You are immune to poison.
Your flesh is cold resistant.
You are immune to negative energy.
You are immune to unholy pain and torment.
You can survive without breathing.


   Skills:
 - Level 3.0 Fighting
 - Level 2.4 Dodging
 - Level 1.5 Stealth
 + Level 4.7 Unarmed Combat


You had 3 spell levels left.
You didn't know any spells.

Inventory:

Scrolls
 a - 5 scrolls of remove curse {unknown}
 b - a scroll of blinking {unknown}
 c - a scroll of immolation {unknown}
 d - 2 scrolls of identify {unknown}
 e - a scroll of enchant weapon {unknown}
 f - a scroll of fog {unknown}

Dungeon Overview and Level Annotations

Branches:
Dungeon (3/15)

Altars:
The Shining One

▒▒▒▒▒▒▒▒▒▒ ▒....(...▒
▒.▒▒▒▒▒▒▒▒ ▒▒▒▒ ▒.▒ ...▒
▒.▒▒▒▒▒▒▒▒ ▒▒.▒
▒▒▒▒▒▒.▒.....l▒▒▒ ▒▒▒
▒▒.▒▒▒..........M.((.▒▒▒.....
.......▒▒.▒.▒▒▒▒▒........▒
............▒ ▒▒.▒▒.▒▒.▒▒
▒▒.▒▒..▒▒.▒▒▒▒▒▒.......▒▒
▒.▒▒..▒▒.▒▒.....▒.....▒
▒.▒▒..▒▒.▒▒.▒▒▒.......▒
▒.▒▒..▒▒.▒▒.▒ ▒▒.▒▒.c.r
▒.▒▒..▒▒.▒▒.▒ ▒.▒▒.▒▒▒.
▒▒.▒...▒▒.▒▒.▒ ▒.▒▒.▒ ..


You could see a centaur and a giant newt.


Message History

You miss the giant newt!
You beat the giant newt into a bloody pulp!
You annihilate the giant newt!!!
You see here a giant newt corpse!
There is a stone staircase leading up here!
You start resting!
HP restored!
You see here a giant newt corpse!
A bat comes into view!
The bat misses you!
Found 21 stones!
The bat barely misses you! The bat hits you! The bat misses you!
You miss the bat! The bat hits you! The bat closely misses you!
You pummel the bat like a punching bag!
You annihilate the bat!!!
You start resting!
HP restored!
A giant newt comes into view!
The centaur shouts!!!
The centaur shoots an arrow!
The arrow closely misses you!
The centaur shoots an arrow!
The arrow barely misses you!
The centaur shoots an arrow!
The arrow hits you!!!
You see here 3 arrows!
The centaur shoots an arrow!
The arrow hits you!!! * * * don't die
* * * A rat comes into view!
You see here an arrow!
The centaur shoots an arrow!
The arrow closely misses you!
The centaur shoots an arrow!
The arrow hits you!!! rip

Action                   |  1- 3 |  4- 6 || total
-------------------------+-------+-------++-------
Melee: Unarmed           |   138 |    39 ||   177
 Stab: Sleeping          |     3 |       ||     3

Vault maps used:
D:1:      mainiacjoe_arrival_reflecting_pool, st_stairs_8
D:2:      nicolae_tso_carved_into_rock
D:3:      lemuel_coloured_pillars_altar, kennysheep_orc_chapel

Notes
Turn   | Place    | Note
--------------------------------------------------------------
     0 | D:1      | GrosslyIncandescent the Mummy Monk began the quest for the Orb.
     0 | D:1      | Reached XP level 1. HP: 18/18 MP: 1/1
   423 | D:1      | Reached XP level 2. HP: 17/24 MP: 2/2
  1226 | D:2      | Reached skill level 4 in Unarmed Combat
  1668 | D:2      | Reached XP level 3. HP: 24/29 MP: 3/3
  2744 | D:2      | Found a glowing golden altar of the Shining One.
  3096 | D:3      | Reached XP level 4. HP: 32/35 MP: 4/4
  3108 | D:3      | Noticed a centaur
  3247 | D:3      | INTERESTING SITUATIONS
  3573 | D:2      | HP: 3/35 [hobgoblin/club (3)]
  4243 | D:3      | Shot with an arrow by a centaur

Vanquished Creatures
  An adder (D:2)
  3 worms (D:2)
  A dart slug (D:2)
  A giant gecko (D:2)
  3 orcs (D:3)
  6 bats
  5 goblins
  6 hobgoblins
  2 jackals (D:2)
  9 kobolds
  A quokka (D:3)
  2 giant newts
  12 rats
52 creatures vanquished.

Vanquished Creatures (others)
  A bat (D:2)
1 creature vanquished.

Grand Total: 53 creatures vanquished
